 Dungeon Crawl Stone Soup version 0.19-a0-821-gf489216 (webtiles) character file.

372 epen the Poker (level 6, -19/47 HPs)
             Began as a Merfolk Skald on June 29, 2016.
             Demolished by an ogre
             ... wielding a +0 giant club
              (25 damage)
             ... on level 4 of the Dungeon.
             The game lasted 00:06:17 (3996 turns).

epen the Poker (Merfolk Skald)                      Turns: 3996, Time: 00:06:18

Health: -19/47     AC:  4    Str: 14    XL:     6   Next: 71%
Magic:  7/10       EV: 13    Int: 11    God:
Gold:   209        SH:  0    Dex: 14    Spells: 3 memorised, 4 levels left

rFire  . . .     SeeInvis .     a - +0 spear
rCold  . . .     Gourm    .     b - +0 leather armour
rNeg   + . .     Faith    .     (no shield)
rPois  .         Spirit   .     h - +0 helmet
rElec  .         Dismiss  .     (no cloak)
rCorr  .         Reflect  .     (no gloves)
SustAt +         Harm     .     (no boots)
MR     .....                    (no amulet)
Stlth  +.........               v - ring of positive energy
                                i - ring of sustain attributes

@: very slightly contaminated, not resistant to hostile enchantments, very
unstealthy
A: change form in water, swift swim
a: no special abilities


You were on level 4 of the Dungeon.
You were not hungry.

You visited 1 branch of the dungeon, and saw 4 of its levels.

You collected 209 gold pieces.

Inventory:

Hand Weapons
 a - a +0 spear (weapon)
Armour
 b - a +0 leather armour (worn)
 h - a +0 helmet (worn)
Jewellery
 g - an uncursed ring of ice
 i - a ring of sustain attributes (left hand)
 v - a ring of positive energy (right hand)
Wands
 w - a wand of teleportation (1/9)
Scrolls
 j - a scroll of recharging {unknown}
 k - 6 scrolls of identify {unknown}
 m - 2 scrolls of teleportation {unknown}
 n - a scroll of random uselessness {unknown}
 r - 2 scrolls of remove curse {unknown}
 s - a scroll of enchant armour {unknown}
 t - a scroll of fog {unknown}
Potions
 e - a potion of might {unknown}
 f - a potion of agility {unknown}
 l - 5 potions of berserk rage {unknown}
 p - 2 potions of cure mutation {unknown}
 q - a potion of flight {unknown}
 u - a potion of lignification {unknown}
Books
 c - a book of Battle

   Spells                             Type                      Level
   a - Infusion                       Charms                       1
   b - Shroud of Golubria             Charms/Translocation         2
   c - Song of Slaying                Charms                       2
   d - Spectral Weapon                Hexes/Charms                 3
   e - Regeneration                   Charms/Necromancy            3
Comestibles
 d - 5 bread rations
 o - a meat ration


   Skills:
 + Level 3.4 Fighting
 + Level 4.8 Polearms
 + Level 1.7 Armour
 + Level 3.2 Dodging
 + Level 2.7 Spellcasting
 * Level 2.0 Hexes
 * Level 4.6 Charms


You had 4 spell levels left.
You knew the following spells:

 Your Spells              Type           Power        Failure   Level  Hunger
a - Infusion              Chrm           ##..         6%          1    #......
b - Song of Slaying       Chrm           ##......     10%         2    ###....
c - Spectral Weapon       Hex/Chrm       #.......     24%         3    ###....


Dungeon Overview and Level Annotations

Branches:
Dungeon (4/15)
 Temple: D:4-7

Altars:
Dithmenos
Pakellas


Message History

w - a wand of teleportation An ogre comes into view.
It is wielding a giant club.
The ogre shouts!
An ogre is nearby!
You see here a meat ration.
Casting: Spectral Weapon
Confirm with . or Enter, or press ? or * to list all spells.
You miscast Spectral Weapon.
You are very lightly contaminated with residual magic.
Strange energies run through your body.
Unknown command.
You hit the ogre but do no damage. The ogre hits you with a giant club.
You hit the ogre.
The ogre is lightly wounded.
The ogre hits you with a giant club!!
* * * LOW HITPOINT WARNING * * *
You see here a meat ration.
The ogre hits you with a giant club!!
Ouch! That really hurt!
You die...

#....# ##....###
##.......## #.........#
#.........#
##.........##
#...........#
#[.........##
#.....@..#..## ######
#...%O..###..# ##....##
#.......# #..###......#
#.......###...#........
#.......................
##..........####........
#.....###### #........
#..#### #...(.... #..
#........


You could see an ogre.

Vanquished Creatures
  The ghost of Gruud the Insei, an amateur DsGl of Uskayaw (D:3)
  A scorpion (D:4)
  A hound (D:4)
  A giant frog skeleton (D:4)
  An orc wizard (D:3)
  Ijyb (D:3)
  A howler monkey skeleton (D:4)
  4 adders
  An ooze (D:3)
  A dart slug (D:3)
  A worm (D:2)
  A giant gecko (D:3)
  5 orcs (D:3)
  2 ball pythons
  5 bats
  10 giant cockroaches
  12 goblins
  6 hobgoblins
  2 jackals (D:3)
  A quokka (D:4)
  5 giant newts
  8 kobolds
  5 rats
76 creatures vanquished.

Vanquished Creatures (others)
  A spectral weapon (D:3)
1 creature vanquished.

Grand Total: 77 creatures vanquished

Notes
Turn   | Place    | Note
--------------------------------------------------------------
     0 | D:1      | epen the Merfolk Skald began the quest for the Orb.
     0 | D:1      | Reached XP level 1. HP: 16/16 MP: 3/3
   289 | D:1      | Reached XP level 2. HP: 21/22 MP: 5/5
   930 | D:2      | Learned a level 2 spell: Song of Slaying
   960 | D:2      | Reached XP level 3. HP: 27/28 MP: 1/6
  1167 | D:2      | Found a shadowy altar of Dithmenos.
  1561 | D:3      | Reached skill level 1 in Armour
  1593 | D:3      | Reached XP level 4. HP: 23/34 MP: 7/7
  1787 | D:3      | Noticed Gruud's ghost (amateur DsGl)
  2445 | D:3      | Found an oddly glowing altar of Pakellas.
  2460 | D:3      | Reached XP level 5. HP: 25/41 MP: 3/8
  2773 | D:3      | Learned a level 3 spell: Spectral Weapon
  2936 | D:3      | Noticed Ijyb
  2967 | D:3      | Killed Ijyb
  3642 | D:3      | Killed Gruud's ghost
  3642 | D:3      | Reached skill level 1 in Hexes
  3642 | D:3      | Reached XP level 6. HP: 43/47 MP: 4/9
  3996 | D:4      | Demolished by an ogre

Vault maps used:
D:1:      dpeg_arrival_prison, serial_forest, infiniplex_forest_lined_ring,
          infiniplex_forest_lined_3, infiniplex_forest_clump_long,
          infiniplex_forest_straight_1, infiniplex_forest_fountain,
          infiniplex_forest_diagonal, infiniplex_forest_side_room,
          infiniplex_forest_clump_double
D:2:      nicolae_overflow_crystal_walls, kennysheep_generic_room_9
D:3:      kennysheep_the_goblin_king, first_bread, serial_corexii_hall,
          corexii_hall_statues_i, corexii_hall_statues_x,
          corexii_hall_statues_s, grunt_pakellas_mercury

Skill      XL: |  1  2  3  4  5  6 |
---------------+-------------------+-----
Dodging        | 2 3 |  3.2
Polearms       | 4 |  4.8
Armour         | 1 |  1.7
Fighting       | 3 |  3.4
Charms         | 4 |  4.6
Hexes          | 1 2 |  2.0
Spellcasting   | |  2.7

Action                   |  1- 3 |  4- 6 || total
-------------------------+-------+-------++-------
Melee: Spear             |   179 |   199 ||   378
 Cast: Infusion          |     1 |     4 ||     5
       Song of Slaying   |     1 |     2 ||     3
       Spectral Weapon   |       |     2 ||     2
 Stab: Sleeping          |     1 |     1 ||     2
  Eat: Chunk             |     1 |     7 ||     8
       Bread ration      |       |     1 ||     1
Armor: Leather armour    |    27 |    60 ||    87
Dodge: Dodged            |    93 |   115 ||   208
